 Dungeon Crawl Stone Soup version 0.28.0-43-g3370ac3207 (webtiles) character file.

Game seed: 15817455621640800506

1619 pkoi the Grappler (level 8, -6/61 HPs)
             Began as a Black Draconian Warper on Mar 14, 2022.
             Was an Initiate of Hepliaklqana.
             Mangled by a yak (14 damage)
             ... on level 4 of the Dungeon.
             The game lasted 00:08:02 (8068 turns).

pkoi the Grappler (Black Draconian Warper)          Turns: 8068, Time: 00:08:03

Health: -6/61      AC:  6    Str: 14    XL:     8   Next: 64%
Magic:  11/11      EV: 12    Int: 15    God:    Hepliaklqana [......]
Gold:   185        SH:  0    Dex: 15    Spells: 4/11 levels left

rFire   . . .      SeeInvis .   r - +9 short sword of Agypen {vorpal, Dex+4 Stlth+}
rCold   . . .      Faith    .   (no shield)
rNeg    + . .      Spirit   .   (armour unavailable)
rPois   .          Reflect  .   (helmet restricted)
rElec   +          Harm     .   (no cloak)
rCorr   .          Rampage  .   (no gloves)
Will    +....                   (no boots)
Stlth   ++........              (no amulet)
HPRegen 0.20/turn               e - ring of willpower
MPRegen 0.12/turn               u - ring of positive energy

@: short of breath
A: breathe lightning, AC +6, unfitting armour, electricity resistance,
cold-blooded
a: Breathe Lightning, Renounce Religion


You were on level 4 of the Dungeon.
You worshipped Hepliaklqana.
Hepliaklqana was noncommittal.
You visited 1 branch of the dungeon, and saw 5 of its levels.

You collected 185 gold pieces.

Inventory:

Hand Weapons
 c - a +0 war axe
 m - a +0 whip
 r - the +9 short sword of Agypen (weapon) {vorpal, Dex+4 Stlth+}
   (You found it on level 4 of the Dungeon)

   It inflicts extra damage upon your enemies.
   Dex:       It affects your dexterity (+4).
   Stlth:     It makes you more stealthy.
Missiles
 b - 5 boomerangs of dispersal (quivered)
 w - a boomerang
Magical Staves
 d - a staff of cold
 l - a staff of death
Jewellery
 e - a ring of willpower (left hand)
 n - a ring of flight
 u - a ring of positive energy (right hand)
 C - a ring of poison resistance
Wands
 p - a wand of polymorph (5)
 t - a wand of flame (28)
Scrolls
 a - a scroll of blinking
 f - 2 scrolls of magic mapping {unknown}
 g - 4 scrolls of identify {unknown}
 h - 2 scrolls of brand weapon {unknown}
 i - 2 scrolls of teleportation {unknown}
 j - 2 scrolls of fear {unknown}
 k - 2 scrolls of amnesia {unknown}
 q - a scroll of summoning {unknown}
 s - 3 scrolls of fog {unknown}
 y - a scroll of vulnerability {unknown}
Potions
 o - 2 potions of berserk rage {unknown}
 v - a potion of heal wounds {unknown}
 x - 2 potions of haste
 z - a potion of curing {unknown}
 A - a potion of brilliance {unknown}
 B - a potion of flight {unknown}


   Skills:
 - Level 2.1 Fighting
 - Level 0.8 Throwing
 - Level 2.1 Dodging
 + Level 11.2 Unarmed Combat
 - Level 2.0 Spellcasting
 - Level 3.0 Translocations


You had 4 spell levels left.
You knew the following spells:

 Your Spells              Type           Power      Damage    Failure   Level
a - Blink                 Tloc           20%        N/A       10%         2
b - Manifold Assault      Tloc           10%        N/A       87%         5

Your spell library contained the following spells:

 Spells                   Type           Power      Damage    Failure   Level
 Gell's Gravitas          Tloc           10%        N/A       19%         3
 Lesser Beckoning         Tloc           10%        N/A       19%         3
 Teleport Other           Tloc           10%        N/A       19%         3
 Scorch                   Fire           2%         2d5       32%         2
 Flame Wave               Conj/Fire      1%         2d4       91%         4
 Summon Cactus Giant      Summ           0%         N/A       100%        6


Dungeon Overview and Level Annotations

Branches:
Dungeon (5/15)
 Temple: D:4-7

Altars:
Dithmenos
Hepliaklqana
Nemelex Xobeh
Ru
Trog
Uskayaw
Zin
The Shining One

Shops:
D:4 :

Annotations:
D:3 1 runed translucent door, seaofthunder's ghost, amateur HOFi
D:5 1 runed translucent door, Crazy Yiuf


Innate Abilities, Weirdness & Mutations

You can breathe wild blasts of lightning.
Your glossy black scales are hard. (AC +6)
You cannot fit into any form of body armour.
You are resistant to electric shocks. (rElec)
You are cold-blooded and may be slowed by cold attacks.


Message History

You barely miss the yak.
You tail-slap the yak, but do no damage.
The yak is heavily wounded.
The yak gores you!
* * * LOW HITPOINT WARNING * * *
You hit the yak.
The yak is severely wounded.
The yak barely misses you.
Activating: Breathe Lightning (4% risk of failure)
Press: ? - help, Dir - look around, f - activate You breathe a wild blast of lightning!
You hear a mighty clap of thunder!
The bolt of lightning misses you. x2
You hear a mighty clap of thunder!
The bolt of lightning hits you. You resist.
* * * LOW HITPOINT WARNING * * *
The bolt of lightning hits you! You resist.
* * * LOW HITPOINT WARNING * * *
You hear a mighty clap of thunder!
The bolt of lightning misses you. The bolt of lightning hits you. You resist.
* * * LOW HITPOINT WARNING * * *
The orb of electricity explodes!
The orb of electricity engulfs you. You resist.
* * * LOW HITPOINT WARNING * * *
The yak gores you!
* * * LOW HITPOINT WARNING * * *
Unknown command.
Unknown command.
Unknown command.
Unknown command.
There is a stone staircase leading up here.
The yak misses you.
You climb upwards.
There is a stone staircase leading down, spattered with blood here.
You hit the yak but do no damage.
The yak is severely wounded.
The yak gores you!
* * * LOW HITPOINT WARNING * * *
The yak gores you!
You die...

###############
#.............#
####.###########.#
############
.....######## #.#
#...........
........รท...#
#.#####.##########
##########..#
#[##.......# # #.>#
#@##.##.##.# # #..#
#Y##.##.##<####### #
#..#
#.#............... #
#..#
#....##.##.####### #
#..####.....#.##.###
#
#..#...............##
#
#..#.##.......####..#
# #..#.##....#..#
##.## #
#.......#.##..# #..#


You could see a yak.

Vanquished Creatures
  Pikel (D:3)
  Grinder (D:5)
  Sigmund (D:5)
  Eustachio (D:4)
  A centaur (D:5)
  An ogre (D:5)
  A lemure (D:3)
  A water moccasin zombie (D:5)
  A centaur zombie (D:5)
  2 bullfrog skeletons (D:5)
  A hound (D:5)
  A jelly (D:5)
  3 iguanas (D:4)
  Natasha (thrice) (D:4)
  A howler monkey zombie (D:5)
  6 adders
  A shadow imp (D:5)
  A white imp (D:5)
  An adder skeleton (D:2)
  An adder zombie (D:2)
  A worm (D:3)
  5 dart slugs
  3 orcs
  A ball python (D:3)
  A bat zombie (D:2)
  4 endoplasms
  A giant cockroach (D:2)
  3 goblins
  6 hobgoblins
  3 kobolds
  A quokka (D:1)
  2 ball python zombies (D:2)
  A bat (D:2)
  2 frilled lizards
  A quokka skeleton (D:2)
  3 rats
68 creatures vanquished.

Notes
Turn   | Place    | Note
-------+----------+-------------------------------------------
     0 | D:1      | pkoi the Draconian Warper began the quest for the Orb.
     0 | D:1      | Reached XP level 1. HP: 17/17 MP: 3/3
   130 | D:1      | Found a faded altar of an unknown god.
   960 | D:2      | Reached XP level 2. HP: 22/24 MP: 5/5
  1014 | D:2      | Reached skill level 3 in Unarmed Combat
  2049 | D:2      | Reached XP level 3. HP: 24/29 MP: 6/6
  2907 | D:3      | Reached skill level 4 in Unarmed Combat
  3060 | D:3      | Found a runed translucent door.
  3060 | D:3      | Noticed seaofthunder's ghost (amateur HOFi)
  3212 | D:3      | Found a bloodstained altar of Trog.
  3587 | D:3      | Found a sparkling altar of Nemelex Xobeh.
  3767 | D:4      | Found a sacrificial altar of Ru.
  3795 | D:4      | Noticed Natasha
  3807 | D:4      | Killed Natasha
  3808 | D:4      | Reached XP level 4. HP: 18/36 MP: 7/7
  3920 | D:4      | Noticed Natasha
  3930 | D:4      | Killed Natasha
  4153 | D:4      | Noticed Natasha
  4167 | D:4      | Killed Natasha
  4168 | D:4      | Reached skill level 5 in Unarmed Combat
  4212 | D:4      | Reached XP level 5. HP: 37/41 MP: 8/8
  4504 | D:4      | Noticed a lemure
  4506 | D:4      | Noticed a lemure
  4508 | D:4      | Noticed a lemure
  4571 | D:3      | Killed a lemure
  4712 | D:4      | Found Nausutate's Book Shoppe.
  5043 | D:4      | Found a glowing golden altar of the Shining One.
  5066 | D:4      | Identified the +9 short sword of Agypen {vorpal, Dex+4
                  | Stlth+}
  5096 | D:4      | Found a hazy altar of Hepliaklqana.
  5252 | D:4      | Became a worshipper of Hepliaklqana the Forgotten
  5342 | D:4      | Noticed Pikel
  5369 | D:3      | Killed Pikel
  5370 | D:3      | Reached skill level 8 in Unarmed Combat
  5370 | D:3      | Reached XP level 6. HP: 9/48 MP: 9/9
  5370 | D:3      | Your scales start taking on a glossy black colour.
  5370 | D:3      | Reached XP level 7. HP: 11/55 MP: 10/10
  5370 | D:3      | Gained mutation: You are resistant to electric shocks.
                  | (rElec) [Black Draconian growth]
  5893 | D:5      | Entered Level 5 of the Dungeon
  5970 | D:5      | Noticed Grinder
  5984 | D:5      | Killed Grinder
  5985 | D:5      | Reached skill level 9 in Unarmed Combat
  6593 | D:5      | Noticed Eustachio
  6622 | D:4      | Killed Eustachio
  6623 | D:4      | Reached XP level 8. HP: 58/61 MP: 11/11
  6677 | D:5      | Reached skill level 10 in Unarmed Combat
  6831 | D:5      | Learned a level 2 spell: Blink
  6837 | D:5      | Learned a level 5 spell: Manifold Assault
  6901 | D:5      | Found a shadowy altar of Dithmenos.
  6933 | D:5      | Found a glowing silver altar of Zin.
  7653 | D:5      | Noticed Sigmund
  7659 | D:5      | Killed Sigmund
  7660 | D:5      | Reached skill level 11 in Unarmed Combat
  7818 | D:5      | Found a runed translucent door.
  7819 | D:5      | Noticed Crazy Yiuf
  7872 | D:5      | Found a hide-covered altar of Uskayaw.
  8068 | D:4      | Mangled by a yak

Illustrated notes

Levels and vault maps discovered:
D:1:      dpeg_arrival_simpleton_b, layout_basic,
          shapermc_ecumenical_altar_pompeii, minmay_misc_feat_square,
          dk_noncrumbling_3
D:2:      layout_loops_corners, serial_undead, serial_undead_f, serial_undead_f,
          serial_undead_e, serial_undead_e, serial_undead_c, serial_undead_f
D:3:      layout_loops_ring, lemuel_coloured_pillars_altar,
          mainiacjoe_overflow_paths, hellmonk_ghost_happy_afterlife,
          minivault_19, grunt_decor_arrowhead, hangedman_decor_points,
          amcnicky_mini_corridor_feature
D:4:      layout_loops_ring, kennysheep_little_box,
          nicolae_ru_the_path_less_chosen, kennysheep_mini_moat, serial_shops,
          nicolae_shop_advertising_works [nicolae_subvault_shop_adworks],
          uniq_pikel, uniq_natasha
D:5:      layout_layer_cave, nicolae_overflow_crystal_walls,
          grunt_dithmenos_shadows, nicolae_uskayaw_suspiria,
          uniq_crazy_yiuf_cottage, uniq_grinder, uniq_eustachio, uniq_sigmund

Skill      XL: |  1  2  3  4  5  6  7  8 |
---------------+-------------------------+-----
Unarmed Combat | 3 4 5 8 9 11 | 11.2
Fighting       | |  2.1
Throwing       | |  0.8
Dodging        | |  2.1
Spellcasting   | |  2.0
Translocations | |  3.0

Action                   |  1- 3 |  4- 6 |  7- 9 || total
-------------------------+-------+-------+-------++-------
Melee: Staff             |    63 |       |       ||    63
       Tailslap          |    16 |     6 |     9 ||    31
       War axe           |     2 |       |       ||     2
       Unarmed           |    74 |    55 |       ||   129
       Punch             |     2 |     4 |     5 ||    11
       Short sword       |       |     8 |    70 ||    78
 Abil: Breathe Lightning |       |       |     2 ||     2
 Stab: Sleeping          |       |       |     3 ||     3
Armor: Skin              |    35 |    11 |    45 ||    91
Dodge: Dodged            |    86 |    28 |    69 ||   183
